NYP
TRI-CITY DUST DEVILS @ LOS ANGELES (NYP) DODGERS
09/02/2044
 
TOP OF THE 1ST
Tri-City Dust Devils batting - Pitching for Los Angeles (NYP) Dodgers : RHP Craig Fallon
Pitching: RHP Craig Fallon
Batting: LHB Roger Duque 0-0: Ball
1-0: Ball
2-0: Called Strike
2-1: Foul Ball, location: 2F
2-2: Ground out 6-3 (Groundball, 56D, EV 81.2 MPH)
Batting: RHB Ruben Luis 0-0: Ball
1-0: Fly out, F8 (Flyball, 8LXD, EV 90.0 MPH)
Batting: LHB Frank McConnell 0-0: Ball
1-0: Ball
2-0: Foul Ball, location: 2F
2-1: Ball
3-1: Base on Balls
Batting: RHB Freddie Brown 0-0: Ball
Frank McConnell is caught stealing 2nd base 2-4
Top of the 1st over - 0 runs, 0 hits, 0 errors, 0 left on base; Tri-City 0 - Los Angeles (NYP) 0
BOTTOM OF THE 1ST
Los Angeles (NYP) Dodgers batting - Pitching for Tri-City Dust Devils : RHP Jorge Guerrero
Pitching: RHP Jorge Guerrero
Batting: RHB Mario Mejia 0-0: Swinging Strike
0-1: SINGLE (Flyball, 7LS, EV 95.6 MPH)
Batting: RHB Leo Cuellar 0-0: Called Strike
0-1: Foul Ball, location: 2F
0-2: Strikes out looking
Batting: LHB Kippy McGrath 0-0: Called Strike
Mario Mejia steals 2nd base
0-1: Ball
1-1: Foul Ball, location: 2F
1-2: Strikes out swinging
Batting: RHB Eddie Perry 0-0: Ball
1-0: Called Strike
1-1: Foul Ball, location: 2F
1-2: Strikes out swinging
Bottom of the 1st over - 0 runs, 1 hit, 0 errors, 1 left on base; Tri-City 0 - Los Angeles (NYP) 0
TOP OF THE 2ND
Tri-City Dust Devils batting - Pitching for Los Angeles (NYP) Dodgers : RHP Craig Fallon
Batting: RHB Freddie Brown 0-0: Ball
1-0: Foul Ball, location: 2F
1-1: Ball
2-1: Called Strike
2-2: Ball
3-2: Foul Ball, location: 2F
3-2: Base on Balls
Batting: RHB Jaden Scott 0-0: Ball
Freddie Brown steals 2nd base
1-0: Called Strike
1-1: Foul Ball, location: 2F
1-2: Foul Ball, location: 2F
1-2: Ball
2-2: Ball
Wild Pitch!
Freddie Brown to third
3-2: DOUBLE (Groundball, 5L, EV 108.8 MPH)
Freddie Brown scores
Batting: RHB Hector Fernandez 0-0: Called Strike
0-1: Ball
Jaden Scott steals 3rd base (no throw)
1-1: Reached on error, E6 (Groundball, 6, EV 86.9 MPH)
Jaden Scott scores
Batting: RHB Bryan Pitcher 0-0: Called Strike
Hector Fernandez steals 2nd base
0-1: Ball
1-1: Ball
2-1: Ball
3-1: Base on Balls
Batting: RHB Joe Weissman 0-0: Fielders Choice at 2nd, 5-4 (Groundball, 56, EV 90.0 MPH)
Hector Fernandez to third
Batting: RHB Derrick Abrams 0-0: Ball
Wild Pitch!
Hector Fernandez scores
Joe Weissman to second
1-0: Swinging Strike
1-1: Ball
2-1: Ball
Passed Ball!
Joe Weissman to third
3-1: Base on Balls
Batting: LHB Roger Duque 0-0: Called Strike
0-1: Foul Ball, location: 2F
0-2: Ball
Passed Ball!
Joe Weissman scores
Derrick Abrams to second
1-2: Ground out 3-1 (Groundball, 34S, EV 81.9 MPH)
Derrick Abrams to third
Batting: RHB Ruben Luis 0-0: Swinging Strike
Passed Ball!
Derrick Abrams scores
0-1: Ground out 6-3 (Groundball, 56, EV 79.4 MPH)
Top of the 2nd over - 5 runs, 1 hit, 1 error, 0 left on base; Tri-City 5 - Los Angeles (NYP) 0
BOTTOM OF THE 2ND
Los Angeles (NYP) Dodgers batting - Pitching for Tri-City Dust Devils : RHP Jorge Guerrero
Batting: SHB Chris Ackerson 0-0: Fly out, F8 (Line Drive, 8LM, EV 89.4 MPH)
Batting: LHB Bobby Gambrell 0-0: Called Strike
0-1: Ball
1-1: Foul Ball, location: 2F
1-2: Ball
2-2: Foul Ball, location: 2F
2-2: Ball
3-2: Base on Balls
Batting: LHB Fernando Amaya 0-0: SINGLE (Line Drive, 34D, EV 96.9 MPH)
Bobby Gambrell to second
Batting: RHB Jonathan Quijada 0-0: Foul Ball, location: 2F
0-1: Swinging Strike
0-2: Strikes out looking
Batting: RHB Pat Mage 0-0: Ball
1-0: Fielders Choice at 2nd, 5-4 (Groundball, 56, EV 84.4 MPH)
Bottom of the 2nd over - 0 runs, 1 hit, 0 errors, 2 left on base; Tri-City 5 - Los Angeles (NYP) 0
TOP OF THE 3RD
Tri-City Dust Devils batting - Pitching for Los Angeles (NYP) Dodgers : RHP Craig Fallon
Batting: LHB Frank McConnell 0-0: Swinging Strike
0-1: Foul Ball, location: 2F
0-2: Ball
1-2: TRIPLE (Flyball, 89XD, EV 93.8 MPH)
Batting: RHB Freddie Brown 0-0: Foul Ball, location: 2F
0-1: Foul Ball, location: 2F
0-2: Ball
1-2: Ball
2-2: Ball
3-2: SINGLE (Line Drive, 56D, EV 106.9 MPH)
Frank McConnell scores
Batting: RHB Jaden Scott 0-0: Foul Ball, location: 2F
0-1: Called Strike
0-2: Foul Ball, location: 2F
0-2: Ball
Passed Ball!
Freddie Brown to second
1-2: Fly out, F1 (Popup, 15, EV 88.1 MPH)
Batting: RHB Hector Fernandez 0-0: Ground out 6-3 (Groundball, 6, EV 104.4 MPH)
Batting: RHB Bryan Pitcher 0-0: Ball
1-0: Foul Ball, location: 2F
1-1: Ground out 6-3 (Groundball, 6, EV 85.6 MPH)
Top of the 3rd over - 1 run, 2 hits, 0 errors, 1 left on base; Tri-City 6 - Los Angeles (NYP) 0
BOTTOM OF THE 3RD
Los Angeles (NYP) Dodgers batting - Pitching for Tri-City Dust Devils : RHP Jorge Guerrero
Batting: RHB Mario Mejia 0-0: SINGLE (Groundball, 34D, EV 96.9 MPH)
Batting: RHB Leo Cuellar 0-0: Fly out, F9 (Flyball, 9LD, EV 98.8 MPH)
Batting: LHB Kippy McGrath 0-0: Called Strike
0-1: SINGLE (Line Drive, 8LS, EV 93.8 MPH)
Mario Mejia to second
Batting: RHB Eddie Perry 0-0: Ball
Mario Mejia steals 3rd base
1-0: Foul Ball, location: 2F
1-1: Swinging Strike
1-2: Strikes out swinging
Batting: SHB Chris Ackerson 0-0: Swinging Strike
0-1: Ball
1-1: Ball
2-1: Ball
3-1: SINGLE (Groundball, 4MD, EV 103.8 MPH)
Mario Mejia scores
Kippy McGrath to second
Batting: LHB Bobby Gambrell 0-0: Swinging Strike
0-1: Ball
1-1: Called Strike
1-2: Ball
2-2: Ball
3-2: Ground out 4-3 (Groundball, 4, EV 86.9 MPH)
Bottom of the 3rd over - 1 run, 3 hits, 0 errors, 2 left on base; Tri-City 6 - Los Angeles (NYP) 1
TOP OF THE 4TH
Tri-City Dust Devils batting - Pitching for Los Angeles (NYP) Dodgers : RHP Craig Fallon
Batting: RHB Joe Weissman 0-0: Ball
1-0: Ball
2-0: Foul Ball, location: 2F
2-1: Ground out 1-3 (Groundball, 34S, EV 68.8 MPH)
Batting: RHB Derrick Abrams 0-0: Foul Ball, location: 2F
0-1: Foul Ball, location: 2F
0-2: Foul Ball, location: 2F
0-2: Ball
1-2: Ball
2-2: Ball
3-2: Base on Balls
Batting: LHB Roger Duque 0-0: Called Strike
Derrick Abrams steals 2nd base
0-1: Ball
1-1: SINGLE (Groundball, 4MS, EV 70.6 MPH) (infield hit)
Derrick Abrams to third
Batting: RHB Ruben Luis 0-0: Ball
1-0: Called Strike
1-1: Ball
2-1: Called Strike
2-2: Strikes out swinging
Batting: LHB Frank McConnell 0-0: Called Strike
0-1: Ground out 1-3 (Groundball, 34S, EV 60.0 MPH)
Top of the 4th over - 0 runs, 1 hit, 0 errors, 2 left on base; Tri-City 6 - Los Angeles (NYP) 1
BOTTOM OF THE 4TH
Los Angeles (NYP) Dodgers batting - Pitching for Tri-City Dust Devils : RHP Jorge Guerrero
Batting: LHB Fernando Amaya 0-0: Called Strike
0-1: Swinging Strike
0-2: Strikes out looking
Batting: RHB Jonathan Quijada 0-0: Fly out, F4 (Popup, 4S, EV 76.9 MPH)
Batting: RHB Pat Mage 0-0: Ball
1-0: SINGLE (Groundball, 6MD, EV 96.2 MPH)
Batting: RHB Mario Mejia 0-0: Ball
Pat Mage steals 2nd base (no throw)
1-0: Ball
2-0: Ground out 5-3 (Groundball, 56, EV 103.1 MPH)
Bottom of the 4th over - 0 runs, 1 hit, 0 errors, 1 left on base; Tri-City 6 - Los Angeles (NYP) 1
TOP OF THE 5TH
Tri-City Dust Devils batting - Pitching for Los Angeles (NYP) Dodgers : RHP Craig Fallon
Batting: RHB Freddie Brown 0-0: Ball
1-0: Called Strike
1-1: Ball
2-1: Foul Ball, location: 2F
2-2: Ball
3-2: Base on Balls
Batting: RHB Jaden Scott 0-0: Ball
1-0: Called Strike
1-1: Ball
Freddie Brown steals 2nd, throwing error, E2
Freddie Brown to third
2-1: Ball
3-1: SINGLE (Groundball, 6S, EV 72.5 MPH) (infield hit)
Freddie Brown scores
Batting: RHB Hector Fernandez 0-0: Ball
Jaden Scott steals 2nd base
1-0: Swinging Strike
1-1: Ball
2-1: Ball
3-1: Base on Balls
Pitching: LHP Gavin White
Batting: RHB Bryan Pitcher 0-0: Called Strike
0-1: Foul Ball, location: 2F
0-2: Strikes out swinging
Batting: RHB Joe Weissman 0-0: Called Strike
0-1: Swinging Strike
0-2: Ball
1-2: Ball
2-2: Strikes out swinging
Batting: RHB Derrick Abrams 0-0: Ball
1-0: Swinging Strike
1-1: Swinging Strike
1-2: Strikes out swinging
Top of the 5th over - 1 run, 1 hit, 1 error, 2 left on base; Tri-City 7 - Los Angeles (NYP) 1
BOTTOM OF THE 5TH
Los Angeles (NYP) Dodgers batting - Pitching for Tri-City Dust Devils : RHP Jorge Guerrero
Batting: RHB Leo Cuellar 0-0: Ball
1-0: Ground out 4-3 (Groundball, 4, EV 98.1 MPH)
Batting: LHB Kippy McGrath 0-0: Called Strike
0-1: Foul Ball, location: 2F
0-2: Strikes out swinging, 2-3 out at first.
Batting: RHB Eddie Perry 0-0: Ball
1-0: Ball
2-0: SINGLE (Line Drive, 6D, EV 103.8 MPH)
Batting: SHB Chris Ackerson 0-0: Ball
1-0: Called Strike
1-1: Ball
2-1: Swinging Strike
2-2: Strikes out swinging
Bottom of the 5th over - 0 runs, 1 hit, 0 errors, 1 left on base; Tri-City 7 - Los Angeles (NYP) 1
TOP OF THE 6TH
Tri-City Dust Devils batting - Pitching for Los Angeles (NYP) Dodgers : LHP Gavin White
Batting: LHB Roger Duque 0-0: Called Strike
0-1: Ball
1-1: Fly out, F9 (Flyball, 9S, EV 95.0 MPH)
Batting: RHB Ruben Luis 0-0: Ball
1-0: Ball
2-0: Ball
3-0: Base on Balls
Pitching: RHP Dave Bible
Batting: LHB Frank McConnell 0-0: Called Strike
Ruben Luis steals 2nd base
0-1: Ball
1-1: Foul Ball, location: 2F
1-2: SINGLE (Groundball, 4MS, EV 74.4 MPH) (infield hit)
Ruben Luis to third
Batting: RHB Freddie Brown 0-0: Called Strike
0-1: Ball
1-1: Called Strike
1-2: Foul Ball, location: 2F
1-2: Ball
Frank McConnell steals 2nd base
2-2: Foul Ball, location: 2F
2-2: Ball
3-2: Strikes out swinging
Batting: RHB Jaden Scott 0-0: Called Strike
0-1: Ball
1-1: DOUBLE (Flyball, 78D, EV 106.2 MPH)
Ruben Luis scores
Frank McConnell scores
Batting: RHB Hector Fernandez 0-0: Called Strike
0-1: Foul Ball, location: 2F
0-2: SINGLE (Groundball, 5S, EV 65.6 MPH) (infield hit)
Jaden Scott to third
Pitching: RHP Cody Bryant
Batting: RHB Bryan Pitcher 0-0: DOUBLE (Line Drive, 5D, EV 101.9 MPH)
Jaden Scott scores
Hector Fernandez to third
Runner from 3rd tries for Home, SAFE, throw by LF to trailing runner, SAFE at third!
Batting: RHB Joe Weissman 0-0: Ball
1-0: Ball
2-0: Swinging Strike
2-1: Fly out, F9 (Flyball, 9LS, EV 88.1 MPH)
Top of the 6th over - 4 runs, 4 hits, 0 errors, 1 left on base; Tri-City 11 - Los Angeles (NYP) 1
BOTTOM OF THE 6TH
Los Angeles (NYP) Dodgers batting - Pitching for Tri-City Dust Devils : RHP Jorge Guerrero
Batting: LHB Bobby Gambrell 0-0: Ground out 6-3 (Groundball, 6MD, EV 108.1 MPH)
Batting: LHB Fernando Amaya 0-0: Ball
1-0: Foul Ball, location: 2F
1-1: Ball
2-1: Called Strike
2-2: Ball
3-2: SINGLE (Groundball, 56S, EV 71.9 MPH) (infield hit)
Batting: RHB Jonathan Quijada 0-0: Called Strike
0-1: Foul Ball, location: 2F
0-2: SINGLE (Groundball, 56S, EV 66.9 MPH) (infield hit)
Fernando Amaya to second
Batting: RHB Pat Mage 0-0: Ball
1-0: SINGLE (Line Drive, 56, EV 94.4 MPH)
Fernando Amaya to third
Jonathan Quijada to second
Throwing error, E7
Fernando Amaya scores
Jonathan Quijada to third
Pat Mage to second
Batting: RHB Mario Mejia 0-0: Ground out 5-3 (Groundball, 56, EV 86.2 MPH)
Jonathan Quijada scores
Batting: RHB Leo Cuellar 0-0: Ball
1-0: SINGLE (Line Drive, 4D, EV 96.2 MPH)
Pat Mage to third
Runner from 3rd tries for Home, SAFE, throw by RF to home
Leo Cuellar to second
Batting: LHB Kippy McGrath 0-0: Ball
1-0: Called Strike
1-1: Ball
2-1: Foul Ball, location: 2F
2-2: SINGLE (Groundball, 4MD, EV 109.4 MPH)
Leo Cuellar to third
Runner from 3rd tries for Home, SAFE, throw by CF to home
Batting: RHB Eddie Perry 0-0: Ball
Balk!
Kippy McGrath to second
1-0: Foul Ball, location: 2F
1-1: Ball
2-1: Foul Ball, location: 2F
2-2: Strikes out swinging
Bottom of the 6th over - 4 runs, 5 hits, 1 error, 1 left on base; Tri-City 11 - Los Angeles (NYP) 5
TOP OF THE 7TH
Tri-City Dust Devils batting - Pitching for Los Angeles (NYP) Dodgers : RHP Cody Bryant
Batting: RHB Derrick Abrams 0-0: SINGLE (Line Drive, 5D, EV 110.0 MPH)
Batting: LHB Roger Duque 0-0: Ball
1-0: Foul Ball, location: 2F
1-1: Ball
2-1: Foul Ball, location: 2F
2-2: Ball
Derrick Abrams steals 2nd, throwing error, E2
Derrick Abrams to third
3-2: Base on Balls
Batting: RHB Ruben Luis 0-0: Called Strike
0-1: Swinging Strike
0-2: Foul Ball, location: 2F
0-2: Ball
1-2: Foul Ball, location: 2F
1-2: Ball
2-2: SINGLE (Flyball, 7LS, EV 98.1 MPH)
Derrick Abrams scores
Roger Duque to second
Pitching: RHP Chris Hodge
Batting: LHB Frank McConnell 0-0: Called Strike
0-1: Foul Ball, location: 2F
0-2: TRIPLE (Flyball, 8LXD, EV 102.5 MPH)
Roger Duque scores
Ruben Luis scores
Batting: RHB Freddie Brown 0-0: Called Strike
0-1: Swinging Strike
0-2: Ball
1-2: Strikes out swinging
Batting: RHB Jaden Scott 0-0: Foul Ball, location: 2F
0-1: Called Strike
0-2: Ball
1-2: SINGLE (Groundball, 56D, EV 105.6 MPH)
Frank McConnell scores
Batting: RHB Hector Fernandez 0-0: Called Strike
0-1: Ball
Wild Pitch!
Jaden Scott to second
1-1: Ball
Passed Ball!
Jaden Scott to third
2-1: Ball
3-1: Base on Balls
Batting: RHB Bryan Pitcher 0-0: Ball
1-0: Ball
2-0: Called Strike
2-1: Ball
Wild Pitch!
Jaden Scott scores
Hector Fernandez to second
3-1: Fly out, F9 (Flyball, 89M, EV 92.5 MPH)
Pitching: RHP Dustin Huschka
Batting: RHB Joe Weissman 0-0: Ball
1-0: Ball
2-0: Ball
Passed Ball!
Hector Fernandez to third
3-0: Called Strike
3-1: Base on Balls
Batting: RHB Derrick Abrams 0-0: Ball
Wild Pitch!
Hector Fernandez scores
Joe Weissman to second
1-0: Ball
Wild Pitch!
Joe Weissman to third
2-0: Foul Ball, location: 2F
2-1: Swinging Strike
Passed Ball!
Joe Weissman scores
2-2: Ball
3-2: Base on Balls
Batting: LHB Roger Duque 0-0: Ball
Passed Ball!
Derrick Abrams to second
1-0: Ball
Wild Pitch!
Derrick Abrams to third
2-0: Hit by Pitch
Batting: RHB Ruben Luis 0-0: Called Strike
Balk!
Derrick Abrams scores
Roger Duque to second
0-1: Ball
1-1: Foul Ball, location: 2F
1-2: Ball
2-2: Ground out U3 (Groundball, 3, EV 76.9 MPH)
Top of the 7th over - 8 runs, 4 hits, 1 error, 1 left on base; Tri-City 19 - Los Angeles (NYP) 5
BOTTOM OF THE 7TH
Los Angeles (NYP) Dodgers batting - Pitching for Tri-City Dust Devils : RHP Jorge Guerrero
Pinch Hitting: SHB John Gernaat 0-0: Foul Ball, location: 2F
0-1: Foul Ball, location: 2F
0-2: Strikes out swinging
Batting: LHB Bobby Gambrell 0-0: Called Strike
0-1: Ball
1-1: Foul Ball, location: 2F
1-2: Strikes out swinging
Batting: LHB Fernando Amaya 0-0: Ball
1-0: Swinging Strike
1-1: Ball
2-1: Called Strike
2-2: Strikes out swinging
Bottom of the 7th over - 0 runs, 0 hits, 0 errors, 0 left on base; Tri-City 19 - Los Angeles (NYP) 5
TOP OF THE 8TH
Tri-City Dust Devils batting - Pitching for Los Angeles (NYP) Dodgers : RHP Dustin Huschka
Now at 1B: John Gernaat
Pinch Hitting: LHB Paul Adams 0-0: Called Strike
0-1: Ground out 4-3 (Groundball, 4, EV 100.0 MPH)
Batting: RHB Freddie Brown 0-0: Foul Ball, location: 2F
0-1: Foul Ball, location: 2F
0-2: Foul Ball, location: 2F
0-2: Foul Ball, location: 2F
0-2: Strikes out swinging
Batting: RHB Jaden Scott 0-0: Foul Ball, location: 2F
0-1: Swinging Strike
0-2: Ball
1-2: Strikes out looking
Top of the 8th over - 0 runs, 0 hits, 0 errors, 0 left on base; Tri-City 19 - Los Angeles (NYP) 5
BOTTOM OF THE 8TH
Los Angeles (NYP) Dodgers batting - Pitching for Tri-City Dust Devils : RHP Jorge Guerrero
Now at 1B: Paul Adams
Now in LF: Freddie Brown
Batting: RHB Jonathan Quijada 0-0: Called Strike
0-1: Ground out 6-3 (Groundball, 6, EV 99.4 MPH)
Pinch Hitting: LHB Stephen Van Raalte 0-0: Foul Ball, location: 2F
0-1: Ball
1-1: Ball
2-1: Called Strike
2-2: Ball
3-2: Foul Ball, location: 2F
3-2: Ground out 4-3 (Groundball, 4, EV 88.8 MPH)
Pitching: RHP Eric Teixeira
Batting: RHB Mario Mejia 0-0: Called Strike
0-1: Foul Ball, location: 2F
0-2: Ball
1-2: Fly out, F7 (Flyball, 78M, EV 88.1 MPH)
Bottom of the 8th over - 0 runs, 0 hits, 0 errors, 0 left on base; Tri-City 19 - Los Angeles (NYP) 5
TOP OF THE 9TH
Tri-City Dust Devils batting - Pitching for Los Angeles (NYP) Dodgers : RHP Dustin Huschka
Now in CF: Stephen Van Raalte
Batting: RHB Hector Fernandez 0-0: Called Strike
0-1: Ball
1-1: Ball
2-1: Ball
3-1: Ground out 6-3 (Groundball, 6S, EV 66.2 MPH)
Batting: RHB Bryan Pitcher 0-0: Ball
1-0: Ground out 3-1 (Groundball, 34D, EV 88.8 MPH)
Batting: RHB Joe Weissman 0-0: Ball
1-0: Foul Ball, location: 2F
1-1: Ball
2-1: Ground out 6-3 (Groundball, 6S, EV 71.2 MPH)
Top of the 9th over - 0 runs, 0 hits, 0 errors, 0 left on base; Tri-City 19 - Los Angeles (NYP) 5
BOTTOM OF THE 9TH
Los Angeles (NYP) Dodgers batting - Pitching for Tri-City Dust Devils : RHP Eric Teixeira
Batting: RHB Leo Cuellar 0-0: Called Strike
0-1: Ball
1-1: Fly out, F8 (Flyball, 8LD, EV 96.9 MPH)
Batting: LHB Kippy McGrath 0-0: Ball
1-0: Ball
2-0: Called Strike
2-1: Swinging Strike
2-2: Foul Ball, location: 2F
2-2: Ground out 4-3 (Groundball, 4, EV 106.2 MPH)
Batting: RHB Jonathan Kirsch 0-0: Foul Ball, location: 2F
0-1: Ball
1-1: Ball
2-1: Fly out, F4 (Popup, 4M, EV 76.2 MPH)
Bottom of the 9th over - 0 runs, 0 hits, 0 errors, 0 left on base; Tri-City 19 - Los Angeles (NYP) 5
Thursday, March 31st , 2022 - OOTP Baseball 22.12 Build 89